 Dungeon Crawl Stone Soup version 0.31-a0-833-gc15d34cb79 (webtiles) character file.

Game seed: 6139593773104797278

11 Kurtz the Shield-Bearer (level 2, 0/21 HPs)
             Began as an Octopode Fighter on Sept 25, 2023.
             Constricted to death by a ball python (1 damage)
             ... on level 1 of the Dungeon.
             The game lasted 00:00:11 (107 turns).

Kurtz the Shield-Bearer (Octopode Fighter)           Turns: 107, Time: 00:00:11

Health: 0/21       AC:  1    Str: 15    XL:     2   Next: 25%
Magic:  2/2        EV: 10    Int: 10    God:
Gold:   7          SH:  4    Dex: 11    Spells: 1/1 levels left

rFire   . . .        a - +0 war axe
rCold   . . .        b - +0 buckler
rNeg    . . .        (helmet restricted)
rPois   .            (no amulet)
rElec   .            (no ring)
rCorr   .            (no ring)
SInv    .            (no ring)
Will    .....        (no ring)
Stlth   ++           (no ring)
HPRegen 0.23/turn    (no ring)
MPRegen 0.08/turn    (no ring)
                     (no ring)

%: no passive effects
@: constricted
A: almost no armour, amphibious, 8 rings, camouflage 1, gelatinous body 1,
(nimble swimmer 1), tentacles
a: no special abilities


You were on level 1 of the Dungeon.
You visited 1 branch of the dungeon, and saw 1 of its levels.

You collected 7 gold pieces.

Inventory:

Hand Weapons
 a - a +0 war axe (weapon)
Armour
 b - a +0 buckler (worn)
Scrolls
 d - a scroll of silence {unknown}
Potions
 c - a potion of might


   Skills:
 - Level 3.0 Fighting
 * Level 2.1 Axes
 + Level 3.1 Dodging
 * Level 3.3 Shields


You had one spell level left.
You didn't know any spells.
Your spell library was empty.

Dungeon Overview and Level Annotations

Branches:
Dungeon (1/15)

Altars:


Innate Abilities, Weirdness & Mutations

You cannot wear most types of armour.
You are amphibious.
You can wear up to eight rings at the same time.
Your skin changes colour to match your surroundings (Stealth+).
Your rubbery body absorbs attacks. (AC +1, EV +1)
((You are camouflaged when in or above water. (Stealth+)))
You have tentacles for arms and can constrict up to eight enemies at once.


Message History

You barely miss the jackal. Your grab misses the jackal.
You closely miss the jackal. The jackal barely misses you.
The jackal bites you. x4; You block the jackal's attack.
You hit the jackal.
You kill the jackal!
You miss the jackal. You completely miss the jackal.
The jackal closely misses you. The jackal bites you. x2
You block the ball python's attack. The ball python barely misses you.
There are monsters nearby!
You closely miss the ball python. Your grab misses the ball python.
Your squeeze misses the ball python. You hit the jackal. x2
The jackal closely misses you. x2; The ball python bites you.
The ball python grabs you. The ball python constricts you.
The jackal closely misses you. The jackal barely misses you.
The ball python bites you but does no damage.
The ball python constricts you.
You are too injured to fight recklessly!
You are too injured to fight recklessly!
Unknown command.
You are too injured to fight recklessly!
You are too injured to fight recklessly!
Unknown command.
You are too injured to fight recklessly!
You hit the jackal.
You kill the jackal!
You hit the jackal.
You kill the jackal!
You closely miss the ball python. The ball python barely misses you.
The ball python constricts you. The hobgoblin hits you.
* * * LOW HITPOINT WARNING * * *
You barely miss the ball python. Your grab misses the ball python.
Your squeeze misses the ball python. You closely miss the hobgoblin.
The ball python bites you.
* * * LOW HITPOINT WARNING * * *
The ball python constricts you.
* * * LOW HITPOINT WARNING * * *
The hobgoblin hits you.
* * * LOW HITPOINT WARNING * * *
You block the ball python's attack. The ball python constricts you.
You die...

.. .# ### #
###.#####.##
#..
.##..........
#####.#
...8.⌠.8... #
...#..
#.......# ..
#....
#.⌠._.⌠.#.##
...#.#
#..Sg...>...
. #..
#.8.@.8..#
#..
#.......##
#.. #..#.####
#.. #....#
##. ####.#
##. #.# #..
####.#### #.#
#.......# #..
#.##.##.# ###


You could see a hobgoblin and a ball python.

Vanquished Creatures
  A ball python (D:1)
  An endoplasm (D:1)
  3 jackals (D:1)
  A kobold (D:1)
  A quokka (D:1)
  A goblin (D:1)
  A rat (D:1)
9 creatures vanquished.

Notes
Turn   | Place    | Note
-------+----------+-------------------------------------------
     0 | D:1      | Kurtz the Octopode Fighter began the quest for the Orb.
     0 | D:1      | Reached XP level 1. HP: 16/16 MP: 1/1
    72 | D:1      | Reached XP level 2. HP: 21/21 MP: 2/2
    97 | D:1      | Found a faded altar of an unknown god.
   107 | D:1      | HP: 1/21 [hobgoblin (1)]
   107 | D:1      | Constricted to death by a ball python

Illustrated notes

Levels and vault maps discovered:
D:1:      ncdulo_wetmaze, layout_loops_cross,
          hellmonk_ecumenical_altar_dog_temple

Action                     || total
---------------------------++-------
  Melee: War axe           ||    13
         Constrict         ||     2
         Tentacles         ||     2
 Armour: Skin              ||    11
  Dodge: Dodged            ||    13
  Block: Buckler           ||     5

Table legend: (Time is in decaauts)
 A = Elapsed time spent in this place.
 B = Non-inter-level travel time spent in this place.
 C = Inter-level travel time spent in this place.
 D = Time resting spent in this place.
 E = Time spent auto-exploring this place.
 F = Levels seen in this place.
 G = Mean time per level.
                   A        B        C        D        E       F      G
               +--------+--------+--------+--------+--------+-----+--------+
         Total |    112 |    112 |      0 |      0 |     78 |   1 |  112.0 |
       Dungeon |    112 |    112 |      0 |      0 |     78 |   1 |  112.0 |
               +--------+--------+--------+--------+--------+-----+--------+

Top non-repeatable levels by time:
     D:1: 112 daAuts
